Workbook

Sheet Ficha Avance
D1: Dirección Ejecutiva de Administración Judicial | J1: SIGCMA
A5: FICHA DE AVANCE DE EJECUCIÓN DE CONTRATO
A7: A. INFORMACIÓN GENERAL
A8: Entidad | B8: NACION -CONSEJO SUPERIOR DE LA JUDICATURA | G8: Contrato / Convenio | I8: No. interno | K8: 082 DE 2023
A9: Fecha reporte | B9: =+TODAY() -> 46084 | D9: Ficha No. | E9: 1 | I9: No. SECOP o TVEC | K9: CO1.PCCNTR.5293634
A10: Supervisor(a) AFCJ | B10: RODRIGO JOSE ZABALETA BAÑOL | G10: Fecha (AAAA-MM-DD) | I10: Suscripción | K10: 18 de agosto de 2023
A11: Supervisión Técnica | B11: Unidad Responsable | D11: División de Mantenimiento y Mejoramiento | I11: Inicio | K11: 31 de agosto de 2023
B12: Nombre supervisor(a) | D12: Néstor Andrés Sánchez Hernández | I12: Terminación (inicialmente pactada) | K12: 45291
A13: Interventoría (si aplica) | B13: No aplica | I13: Terminación definitiva (incluídas prórrogas, si aplica) | K13: 45291
A14: Contratista | B14: Razón social | D14: DETECTA CORP S.A. | G14: Plazo inicial | J14: 45291
B15: NIT | D15: 800090427 | G15: Plazo final | J15: 45291
A16: Modalidad de Selección | D16: CONTRATACIÓN DIRECTA | G16: Valor Inicial | J16: 60000000
A17: No. proceso de selección | D17: CD-045-2023 | G17: Valor total (Incluídas adiciones) | J17: =+J16+E42 -> 60000000
A18: Pertenece al Plan Operativo | D18: SI | F18: NO | G18: % Avance | H18: Ejecución presupuestal | J18: 0
A19: Link consulta en SECOP o TVEC | H19: Tiempo | J19: 0
H20: Entregables (si aplica) | J20: 0
A21: Objeto | B21: Prestar el servicio de mantenimiento integral para los equipos de rayos X marca Smith Detection y el arco detector de metales marca CEIA | J21: Lugar de ejecución | K21: Bogotá D.C.
A23: Póliza No. | B23: 33-44-101238863 | D23: Aseguradora | F23: Vigencia | H23: Amparos
F24: Desde | G24: Hasta
A25: Fecha aprobación | B25: 45166 | D25: Mundial de Seguros S.A. | F25: 45156 | G25: 45473 | H25: Cumplimiento
F26: 45156 | G26: 46387 | H26: Pago de salarios, prestaciones sociales legales e indemnizaciones laborales.
F27: 45156 | G27: 45473 | H27: Calidad del servicio
F28: 45156 | G28: 45473 | H28: Calidad de los bienes
A29: Modificaciones a la póliza
A30: Tipo de modificación | D30: Fecha | E30: Observaciones
A33: B. MODIFICACIONES
A34: Tipo | B34: Modificación No. | C34: No. SECOP o TVEC | D34: Fecha | E34: Valor (Si aplica) | F34: Desde (AAAA-MM-DD) | G34: Hasta (AAAA-MM-DD) | H34: Tiempo | J34: Comentarios / Observaciones (Registrar #RP, #CDP y Unidad Ejecutora, en caso de adiciones o reducciones)
A36: ADICIÓN | E36: 0 | H36: =IF(DATEDIF(F36,G36,"y")=0,"", DATEDIF(F36,G36,"y") & " años ") & IF(DATEDIF(F36,G36,"ym")=0,"",DATEDIF(F36,G36,"ym") & " meses ") & IF(DATEDIF(F36,G36,"md")=0,"",DATEDIF(F36,G36,"md") & " días")
A37: PRÓRROGA | E37: -
A38: OTROSÍ | E38: - | H38: =IF(DATEDIF(F38,G38,"y")=0,"", DATEDIF(F38,G38,"y") & " años ") & IF(DATEDIF(F38,G38,"ym")=0,"",DATEDIF(F38,G38,"ym") & " meses ") & IF(DATEDIF(F38,G38,"md")=0,"",DATEDIF(F38,G38,"md") & " días")
A39: REDUCCIÓN | H39: =IF(DATEDIF(F39,G39,"y")=0,"", DATEDIF(F39,G39,"y") & " años ") & IF(DATEDIF(F39,G39,"ym")=0,"",DATEDIF(F39,G39,"ym") & " meses ") & IF(DATEDIF(F39,G39,"md")=0,"",DATEDIF(F39,G39,"md") & " días")
A40: ADICIÓN | H40: =IF(DATEDIF(F40,G40,"y")=0,"", DATEDIF(F40,G40,"y") & " años ") & IF(DATEDIF(F40,G40,"ym")=0,"",DATEDIF(F40,G40,"ym") & " meses ") & IF(DATEDIF(F40,G40,"md")=0,"",DATEDIF(F40,G40,"md") & " días")
A42: Total adiciones | E42: =+SUM(E36:E40) -> 0
A44: C. INFORMACIÓN PRESUPUESTAL
A46: Unidad Ejecutora | B46: CDP | D46: Rubro(s) (Posición catálogo del gasto) | G46: Valor CDP | I46: Movimientos | J46: Registro Presupuestal
B47: No. | C47: Fecha | J47: No. | K47: Fecha | L47: Valor
A48: 02 - CONSEJO SUPERIOR DE LA JUDICATURA | B48: 10923 | C48: 44966 | D48: A-02-02-02-008-007 SERVICIOS DE MANTENIMIENTO, REPARACIÓN E INSTALACIÓN (EXCEPTO SERVICIOS DE CONSTRUCCIÓN | G48: 12000000 | I48: N/A | J48: 207923 | K48: 45156 | L48: 12000000
A50: 03 - CORTE SUPREMA DE JUSTICIA | B50: 4323 | C50: 44966 | D50: A-02-02-02-008-007 SERVICIOS DE MANTENIMIENTO, REPARACIÓN E INSTALACIÓN (EXCEPTO SERVICIOS DE CONSTRUCCIÓN | G50: 12000000 | J50: 40323 | K50: 45156 | L50: 12000000
A52: 04 - CONSEJO DE ESTADO | B52: 4523 | C52: 44966 | D52: A-02-02-02-008-007 SERVICIOS DE MANTENIMIENTO, REPARACIÓN E INSTALACIÓN (EXCEPTO SERVICIOS DE CONSTRUCCIÓN | G52: 12000000 | J52: 28023 | K52: 45156 | L52: 12000000
A53: 05 - CORTE CONSTITUCIONAL | B53: 4323 | C53: 44966 | D53: A-02-02-02-008-007 SERVICIOS DE MANTENIMIENTO, REPARACIÓN E INSTALACIÓN (EXCEPTO SERVICIOS DE CONSTRUCCIÓN | G53: 12000000 | J53: 27123 | K53: 45156 | L53: 12000000
A54: 09 - COMISIÓN NACIONAL DE DISCIPLINA JUDICIAL | B54: 3523 | C54: 44966 | D54: A-02-02-02-008-007 SERVICIOS DE MANTENIMIENTO, REPARACIÓN E INSTALACIÓN (EXCEPTO SERVICIOS DE CONSTRUCCIÓN | G54: 12000000 | J54: 21723 | K54: 45156 | L54: 12000000
A55: TOTAL | G55: 60000000 | J55: TOTAL | L55: 60000000
A57: D. AVANCE EJECUCIÓN PRESUPUESTAL
A59: Total pagado a la fecha (incluido anticipo) | E59: =(C71+J59)/J17 -> 0 | G59: Valor anticipo | I59: 0 | J59: =+J16*I59 -> 0
A60: Saldo por pagar a la fecha | E60: =+D60/J17 -> 0 | G60: Fecha pago anticipo | J60: No aplica
A62: I. PAGOS REALIZADOS SIIF NACIÓN | G62: II. AMORTIZACIÓN ANTICIPO (si aplica)
A63: No. OP (SIIF) | B63: Fecha OP | C63: Valor | D63: % ejecución | E63: Factura(s) No. | G63: Fecha | H63: Soporte / actividad | K63: Valor | L63: %
A71: Total pagos SIIF | C71: =+SUM(C64:C70) -> 0 | D71: =+SUM(D64:D70) -> 0 | G71: Total amortizado | K71: =SUM(K64:K70) -> 0 | L71: =SUM(L64:L70) -> 0
A73: E. AVANCE DE EJECUCIÓN (Tiempo)
A74: Obligaciones del contratista | D74: Obligación(es) específica(s) (No.) | E74: Actividades realizadas para el cumplimiento de las obligaciones (Soportes, entregables, productos, evidencias, etc.) | G74: Factura relacionada | J74: RP a afectar | K74: Unidad Ejecutora | L74: Fecha de reporte (AAAA-MM-DD) | N74: Diferencia entre la fecha de reporte y la fecha de inicio | P74: Diferencia entre la fecha de terminación definitiva y la fecha de inicio
G75: No. | H75: Valor | I75: Periodo facturado
A76: 1. Obrar con buena fe en las distintas etapas contractuales evitando las dilaciones y tropiezos que puedan presentarse y obligándose no sólo a lo pactado expresamente en el presente contrato, sino a todo lo que corresponda a la naturaleza del mismo, según la ley, la costumbre o la equidad natural. 2. No acceder a peticiones o amenazas de quienes actúen por fuera de la ley, con el fin de obligarlos a hacer u omitir algún acto o hecho. Cuando una situación así se presente, el Contratista debe informar inmediatamente su ocurrencia a la Entidad y a las demás autoridades competentes. 3. Constituir las garantías requeridas por la Nación – Consejo Superior de la Judicatura, en los términos del Decreto 1082 de 2015 y solicitar la ampliación o modificación de las garantías en el evento de presentarse alguna adición o prórroga o suspensión del contrato. Así como informar a la aseguradora sobre las suspensiones y reanudaciones que se llegaran a presentar, dentro de los 5 días hábiles siguientes a su suscripción. 4. Garantizar la calidad del servicio objeto del contrato y responder por ello de conformidad con lo establecido por el numeral 4 del artículo 5 de la Ley 80 de 1993. 5. Cumplir el objeto contractual, en los tiempos establecidos, obedeciendo las condiciones y características señaladas en el estudio previo y la oferta respecto del servicio contratado. 6. Informar toda suspensión y reinicio del contrato a la compañía aseguradora, a efectos de prorrogar la vigencia de las pólizas. 7. Asumir todos los gastos que se ocasionen en relación con la ejecución del contrato. 8. Designar y mantener a su costa, durante todo el período de ejecución del contrato, al personal idóneo solicitado en el proceso y demás profesionales y personal de apoyo que se requiera para la correcta y normal ejecución del contrato. 9. Tomar las previsiones necesarias e indispensables para garantizar la seguridad industrial del personal a su cargo o servicio, de acuerdo con las reglamentaciones vigentes. 10. Pagar oportunamente los salarios y prestaciones sociales a todo el personal empleado en la ejecución del contrato y, en general, dar estricto cumplimiento a la totalidad de obligaciones con el sistema integral de seguridad social y aportes parafiscales derivadas de la ejecución del contrato. El incumplimiento de estas obligaciones por parte del contratista para con sus empleados podrá generar la imposición de multas sucesivas, de conformidad con lo establecido en el artículo 23 de la Ley 1150 de 2007. 11. Entregar los documentos requeridos para el pago de conformidad con la forma de pago estipulada en el presente contrato. 12. Suministrar a la Dirección Ejecutiva de Administración Judicial para la realización de cada pago derivado del contrato y a la finalización del mismo, la información que acredite el pago de las obligaciones con el sistema integral de seguridad. 13. Reportar de forma inmediata a la Dirección Ejecutiva de Administración Judicial - DEAJ - cualquier novedad o anomalía presentada en la continuidad y correcta prestación del servicio. El incidente debe ser comunicado al supervisor del contrato por escrito por los medios tecnológicos disponibles. 14. Suministrar al Consejo Superior de la Judicatura - Dirección Ejecutiva de Administración Judicial y al supervisor, cuando lo soliciten, informe sobre cualquier aspecto del contrato, para verificar el correcto y oportuno cumplimiento de las obligaciones que contrae. 15. Suministrar al supervisor del contrato la información necesaria para elaborar el proyecto de acta de liquidación del mismo, dentro de los cuatro (4) meses siguientes a la terminación del contrato, conforme a lo establecido en el artículo 11 Ley 1150 de 2007. 16. Realizar el mantenimiento preventivo y correctivo de acuerdo con los procedimientos técnicos establecidos en las especificaciones técnicas del Proceso de Selección CD-045-2023 y en la oferta presentada, de acuerdo con los tiempos establecido en el cronograma aprobado por el Supervisor del Contrato. 17. Atender de lunes a domingo, las solicitudes de mantenimiento correctivo con un tiempo de respuesta no superior a cuatro (4) horas. 18. Ejecutar las labores contratadas con personal experimentado, especializado, certificado y calificado por DETECTA CORP, SMITHS DETECTION INC. y CEIA. para intervenir equipos de la marca y características del estudio previo. 19. Mantener a los técnicos certificados y aprobados por fábrica para realizar procedimientos de control avanzados y para los casos que ameriten conceptos o soluciones para los equipos que forman parte del contrato. 20. Suministrar los repuestos nuevos y originales de consumo básico de cada rutina tales como: tornillos, lubricantes, arandelas, partes, y todos los demás insumos que sean necesarios para la intervención técnica básica y para garantizar la continuidad del servicio y el funcionamiento de cada máquina de RX y del arco detector de metales. En caso de que se requiera hacer efectiva alguna garantía, durante los plazos antes señalados, bien sea por la prestación de servicios o por los repuestos, la misma no conllevará ninguna contraprestación adicional para el contratista a cargo de la entidad. 21. Ejecutar las rutinas de mantenimiento de conformidad con el “programa de mantenimiento preventivo y correctivo proyecto Consejo Superior de la Judicatura”, definido por el contratista y la supervisión del contrato. Se debe presentar un informe sobre la actividad desarrollada. 22. Mantener vigente la certificación en la que acredita que es la representante comercial autorizada para Colombia de la empresa SMITHS DETECTION INC., para ejecutar contratos de mantenimiento y la intervención técnica de equipos. 23. Mantener vigente la certificación en la que acredita que es el único distribuidor autorizado para Colombia de la firma CEIA COSTRUZIONI ELETTRONICHE INDUSTRIALI AUTOMATISMI S.A. para suministrar sus productos, proporcionar la puesta en marcha, mantenimiento y servicio post venta, incluyendo el suministro de piezas de repuesto. 24. Adelantar las labores de mantenimiento preventivo de forma trimestral, dentro del plazo estipulado, en un cronograma de ejecución presentado por el contratista y aprobado previamente por el supervisor del contrato. 25. Reparar, dentro del plazo señalado por el supervisor del contrato, cualquier daño que ocurra a los equipos por causa imputable a sus empleados. 26. Garantizar la consecución y entrega oportuna, dentro de los términos establecidos por el supervisor del contrato, de los repuestos requeridos para el servicio contratado. 27. Las demás obligaciones relacionadas con la naturaleza del servicio que se va a contratar. | D76: 1 | N76: =+O76/$P$76 -> #VALUE! | O76: =L76-$K$11 -> #VALUE! | P76: =+K13-K11 -> #VALUE!
N77: =+O77/$P$76 -> #VALUE! | O77: =L77-$K$11 -> #VALUE!
N78: =+O78/$P$76 -> #VALUE! | O78: =L78-$K$11 -> #VALUE!
N82: =+O82/$P$76 -> #VALUE! | O82: =L82-$K$11 -> #VALUE!
N84: =+O84/$P$76 -> #VALUE! | O84: =L84-$K$11 -> #VALUE!
I85: % Ejecución en tiempo (acumulado)
A87: F. AVANCE ENTREGA DE BIENES, PRODUCTOS Y/O SERVICIOS (Si se han establecido entregables)
A88: Cantidad entregables pactados | B88: Entregable No. | C88: Descripción del bien, producto o servicio PACTADO | F88: Descripción del bien, producto o servicio RECIBIDO | J88: Fecha Recibido | K88: % | L88: % acumulado entregables
A92: G. REQUERIMIENTOS ENVIADOS AL CONTRATISTA
A93: Fecha presentación requerimiento | B93: Descripción (Causas, hechos) | E93: Alternativas de solución | F93: Acciones y/o compromisos adelantados por el contratista como respuesta | I93: Fecha solución | J93: Resultados
A101: FIRMAS
A102: Firma | F102: Firma
A103: Nombre | B103: RODRIGO JOSE ZABALETA BAÑOL | F103: Nombre
A104: Cargo | B104: Supervisor Administrativo, financiero, contable y jurídico - Profesional Universitario Grado 13 | F104: Cargo
A106: Elaboró | B106: RODRIGO JOSE ZABALETA BAÑOL
A107: Revisó: | B107: DIANA CAROLINA RODRIGUEZ RAMOS
A108: Aprobó: | B108: DIANA CAROLINA RODRIGUEZ RAMOS

Sheet Inf. Supervisión AFCJ
D1: DIRECCION EJECUTIVA DE ADMINISTRACION JUDICIAL
A3: INFORME DE SUPERVISION TÉCNICA, ADMINISTRATIVA, FINANCIERA, CONTABLE Y JURÍDICA
A5: =+'Ficha Avance'!$A$7:$L$7 -> A. INFORMACIÓN GENERAL
A6: Fecha de Presentación del informe | C6: Período del Informe - Entregable No.1 | F6: Contratista | J6: Pago No.
F7: Razón social | I7: NIT
A8: =TODAY() -> 46084 | C8: 26 DE DICIEMBRE DE 2025 AL 26 DE ENERO DE 2026 | F8: CONSTRUCCIONES C8 SAS | I8: 901.539.197-5 | J8: 1 | L8: NO
A9: Objeto contractual | C9: Contratar la Intervención, mantenimiento, mejoramiento y restauración integral de la plazoleta y la terraza del Edificio Antiguo Palacio de las Comunicaciones – Telecom. | H9: Nombres Supervisores
H10: Sup. Técnica | J10: CECONSA SAS
H11: Sup. AFJC | J11: CECONSA SAS
A13: CONTRATO / CONVENIO | C13: No. Interno | D13: No. SECOP o TEVC (Si aplica) | F13: Tipo | G13: Valor Inicial del Contrato | H13: Póliza No. | J13: BQ-100111469 | K13: Vigencia póliza: | L13: 47118
A14: CONTRATO | C14: 003 de 2025 | D14: CO1.PCCNTR.8650425 | F14: CONTRATO DE OBRA CIVIL | G14: 1375401740 | H14: Aseguradora | J14: COMPAÑÍA MUNDIAL DE SEGUROS S.A. | K14: Fecha aprobación | L14: 46017
A16: Fecha de suscripción | C16: 45989 | G16: Fecha de terminación (inicialmente pactada) | K16: 46022
A17: Fecha de inicio | C17: 46017 | G17: Fecha final (incluídas prórrogas, si aplica) | K17: 46142
A19: B. MODIFICACIONES
A20: Tipo | B20: Modificación No. (consecutivo) | C20: No. SECOP o TVEC | D20: Fecha | E20: Valor (Si aplica) | F20: Desde (AAAA-MM-DD) | G20: Hasta (AAAA-MM-DD) | H20: Tiempo (años, meses y días) | K20: Comentarios / Observaciones (Registrar #RP, #CDP y Unidad Ejecutora, en caso de adiciones o reducciones)
A22: OTROSÍ | B22: 1 | D22: 46021 | E22: 670358633 | F22: 46023 | G22: 46142 | H22: 4 meses
E23: =+'Ficha Avance'!E37 -> - | K23: =+'Ficha Avance'!J37:L37 -> 0
D24: ='Ficha Avance'!D38 -> 0 | E24: =+'Ficha Avance'!E38 -> - | F24: =+'Ficha Avance'!F38 -> 0 | G24: =+'Ficha Avance'!G38 -> 0 | I24: =+'Ficha Avance'!H38:I38 -> 0 | K24: =+'Ficha Avance'!J38:L38 -> 0
D25: ='Ficha Avance'!D39 -> 0 | F25: =+'Ficha Avance'!F39 -> 0 | G25: =+'Ficha Avance'!G39 -> 0 | I25: =+'Ficha Avance'!H39:I39 -> 0 | K25: =+'Ficha Avance'!J39:L39 -> 0
D26: ='Ficha Avance'!D40 -> 0 | F26: =+'Ficha Avance'!F40 -> 0 | G26: =+'Ficha Avance'!G40 -> 0 | I26: =+'Ficha Avance'!H40:I40 -> 0 | K26: =+'Ficha Avance'!J40:L40 -> 0
D27: Total adiciones | E27: =SUM(E22:E26) -> 670358633
A29: C. INFORMACIÓN FINANCIERA
A31: Unidad Ejecutora | B31: CDP | F31: Registro Presupuestal
B32: No. | C32: Fecha | D32: Rubro(s) (Posición catálogo del gasto) | E32: Valor CDP | F32: No. RP | G32: Fecha del RP | H32: Valor RP | I32: Total Pagos Realizados con el RP | J32: % de Ejecución del RP | K32: Liberaciones | L32: Saldo Por Utilizar RP
A33: 27-01-02-000 | B33: 2025 | C33: 45957 | D33: C-2701-0800-37-20111D-2701019-02 ADQUIS. DE BYS - DESPACHOS JUDICIALES ADECUADOS Y DOTADOS - MODERNIZACIÓN DE LA INFRAESTRUCTURA FÍSICA DE LA RAMA JUDICIAL COMO INSTRUMENTO ESTRATÉGICO DE ACCESO A LA JUSTICIA A NIVEL NACIONAL | E33: 2045760373 | F33: 2225 | G33: 28-11-2025 | H33: 2045760373 | I33: =SUMIFS($F$53:$F$102,$A$53:$A$102,$F33,$B$53:$B$102,$A33,$C$53:$C$102,$D33) -> 0 | J33: =IFERROR(I33/H33,0) -> 0 | L33: =H33-I33-K33 -> 2045760373
I34: =SUMIFS($F$53:$F$102,$A$53:$A$102,$F34,$B$53:$B$102,$A34,$C$53:$C$102,$D34) -> 0 | J34: =IFERROR(I34/H34,0) -> 0 | L34: =H34-I34-K34 -> 0
I35: =SUMIFS($F$53:$F$102,$A$53:$A$102,$F35,$B$53:$B$102,$A35,$C$53:$C$102,$D35) -> 0 | J35: =IFERROR(I35/H35,0) -> 0 | L35: =H35-I35-K35 -> 0
I36: =SUMIFS($F$53:$F$102,$A$53:$A$102,$F36,$B$53:$B$102,$A36,$C$53:$C$102,$D36) -> 0 | J36: =IFERROR(I36/H36,0) -> 0 | L36: =H36-I36-K36 -> 0
I37: =SUMIFS($F$53:$F$102,$A$53:$A$102,$F37,$B$53:$B$102,$A37,$C$53:$C$102,$D37) -> 0 | J37: =IFERROR(I37/H37,0) -> 0 | L37: =H37-I37-K37 -> 0
I38: =SUMIFS($F$53:$F$102,$A$53:$A$102,$F38,$B$53:$B$102,$A38,$C$53:$C$102,$D38) -> 0 | J38: =IFERROR(I38/H38,0) -> 0 | L38: =H38-I38-K38 -> 0
I39: =SUMIFS($F$53:$F$102,$A$53:$A$102,$F39,$B$53:$B$102,$A39,$C$53:$C$102,$D39) -> 0 | J39: =IFERROR(I39/H39,0) -> 0 | L39: =H39-I39-K39 -> 0
I40: =SUMIFS($F$53:$F$102,$A$53:$A$102,$F40,$B$53:$B$102,$A40,$C$53:$C$102,$D40) -> 0 | J40: =IFERROR(I40/H40,0) -> 0 | L40: =H40-I40-K40 -> 0
I41: =SUMIFS($F$53:$F$102,$A$53:$A$102,$F41,$B$53:$B$102,$A41,$C$53:$C$102,$D41) -> 0 | J41: =IFERROR(I41/H41,0) -> 0 | L41: =H41-I41-K41 -> 0
I42: =SUMIFS($F$53:$F$102,$A$53:$A$102,$F42,$B$53:$B$102,$A42,$C$53:$C$102,$D42) -> 0 | J42: =IFERROR(I42/H42,0) -> 0 | L42: =H42-I42-K42 -> 0
I43: =SUMIFS($F$53:$F$102,$A$53:$A$102,$F43,$B$53:$B$102,$A43,$C$53:$C$102,$D43) -> 0 | J43: =IFERROR(I43/H43,0) -> 0 | L43: =H43-I43-K43 -> 0
A44: Total | E44: =SUM(E33:E43) -> 2045760373 | F44: Total | H44: =SUM(H33:H43) -> 2045760373 | I44: =SUM(I33:I43) -> 0 | J44: =SUM(J33:J43) -> 0 | K44: =SUM(K33:K43) -> 0 | L44: =SUM(L33:L43) -> 2045760373
A46: Valor inicial del contrato | D46: =G14 -> 1375401740 | G46: =+'Ficha Avance'!A60 -> Saldo por pagar a la fecha | K46: =D48-D49 -> 2045760373
A47: Valor Adiciones o Reucciones | D47: =+E27 -> 670358633
A48: =+'Ficha Avance'!G17 -> Valor total (Incluídas adiciones) | D48: =+D46+D47 -> 2045760373
A49: =+'Ficha Avance'!A59:C59 -> Total pagado a la fecha (incluido anticipo) | D49: =F103 -> 0 | E49: =$H$103 -> 0 | G49: Valor anticipo (Si aplica) | J49: =+'Ficha Avance'!I59 -> 0 | K49: =+'Ficha Avance'!J59 -> 0
A51: I. PAGOS REALIZADOS SIIF NACIÓN | J51: II. AMORTIZACIÓN ANTICIPO (si aplica)
A52: RP | B52: Sub-Unidad | C52: Rubro | D52: Fecha del Pago | E52: No. Orden de Pago (SIIF) | F52: Valor Orden de Pago SIIF | G52: Factura No. - Cuenta de Cobro | H52: Porcentaje Valor Pagado | J52: Soporte/Actividad | K52: Fecha | L52: Valor
H53: =IFERROR(F53/$D$48,0) -> 0
H54: =IFERROR(F54/$D$48,0) -> 0
H55: =IFERROR(F55/$D$48,0) -> 0
H56: =IFERROR(F56/$D$48,0) -> 0
H57: =IFERROR(F57/$D$48,0) -> 0
H58: =IFERROR(F58/$D$48,0) -> 0
H59: =IFERROR(F59/$D$48,0) -> 0
H60: =IFERROR(F60/$D$48,0) -> 0
H61: =IFERROR(F61/$D$48,0) -> 0
H62: =IFERROR(F62/$D$48,0) -> 0
H63: =IFERROR(F63/$D$48,0) -> 0
H64: =IFERROR(F64/$D$48,0) -> 0
... H102: =IFERROR(F102/$D$48,0) -> 0
A103: =+'Ficha Avance'!A71:B71 -> Total pagos SIIF | F103: =SUM(F53:F62) -> 0 | G103: Total Porcentaje Ejecución Financiera | H103: =SUM(H53:H102) -> 0 | J103: Total amortizado | K103: =SUM(K53:K53) -> 0 | L103: =SUM(L53:L53) -> 0
A104: Para el caso de convenios interadministrativos y otros relacionados, se deberán anexar todos los soportes adicionales solicitados por el supervisor y/o interventor. (Facturas, comprobantes de pago de rendimientos, de acuerdo con el formato establecido)
A105: D. CUMPLIMIENTO DE LAS OBLIGACIONES DURANTE EL PERIODO REPORTADO
A106: Obligaciones contractuales | C106: Obligación Especifica | D106: =+'Ficha Avance'!E74 -> Actividades realizadas para el cumplimiento de las obligaciones (Soportes, entregables, productos, evidencias, etc.) | G106: Factura No. /Cuenta de Cobro No. | H106: Valor factura - Valor a Cobrar | I106: RP a afectar | J106: Sub-unidad Ejecutora | K106: Rubro | L106: % del Pago a realizar
A107: ACTA PARCIAL 01 CONTRATO No. Nº 003-2025 DE OBRA | C107: ACTA 01 | D107: ACTIVIDADES REALIZADAS EN EL ACTA DE AVANCE | G107: FEC8-704 | H107: 8.2769177e+08 | I107: 2225 | J107: 27-01-02-000 | K107: C-2701-0800-37-20111D-2701019-02 ADQUIS. DE BYS - DESPACHOS JUDICIALES ADECUADOS Y DOTADOS - MODERNIZACIÓN DE LA INFRAESTRUCTURA FÍSICA DE LA RAMA JUDICIAL COMO INSTRUMENTO ESTRATÉGICO DE ACCESO A LA JUSTICIA A NIVEL NACIONAL | L107: =H107/$D$48 -> 0.40458882
L108: =H108/$D$48 -> 0
L109: =H109/$D$48 -> 0
L110: =H110/$D$48 -> 0
L111: =H111/$D$48 -> 0
L112: =H112/$D$48 -> 0
L113: =H113/$D$48 -> 0
L114: =H114/$D$48 -> 0
L115: =H115/$D$48 -> 0
L116: =H116/$D$48 -> 0
L117: =H117/$D$48 -> 0
A118: Total de pagos solicitados al corte del informe | H118: =SUM(H107:H117) -> 8.2769177e+08 | I118: % Total de pagos solicitados al corte del informe | L118: =SUM(L107:L117) -> 0.40458882
A120: % Ejecución Fisica del Contrato al corte de este informe: | L120: 40,46%.
A122: E. CONCEPTO DE LA SUPERVISIÓN TÉCNICA, ADMINISTRATIVA, FINANCIERA, CONTABLE Y JURÍDICA
A123: ¿El contrato se está ejecutando normalmente? | C123: SI | D123: NO | E123: ¿El contrato presenta retraso? | F123: SI | G123: NO | H123: ¿La prestación del objeto contratado cumple con las especificaciones y obligaciones pactadas? | K123: SI | L123: NO
A124: I. Resumen ejecución del contrato: | G124: II. Resumen asuntos pendientes del contratista:
A126: III. Matriz de Riesgo (Seguimiento Mensual) | C126: ¿Se configuró algún riesgo contemplado en la matriz? | E126: SI | F126: NO | G126: DESCRIPCION SEGUIMIENTO A MATRIZ DE RIESGO (S). Describir riesgo configurado, en caso de señalar la opción SI y medidas a adoptar y/o adoptadas para mitigarlo.
A127: IV Validación de Pagos de Salarios, Aportes Parafiscales y Seguridad Social
A128: Declaración Juramentada o Certificación de Parafiscales (Si Aplica) | C128: Fecha Certificación o Declaración Juramentada | D128: Certificado antecedentes Revisor Fiscal (Si aplica) | E128: Fecha certificado antecedentes Revisor Fiscal (Si aplica) | F128: Nombre de quien expide certificado y/o declaración juramentada (Si aplica | G128: Mes de la Planilla de Pago Seguridad Social (Si aplica) | H128: No. de la Planilla de Pago Seguridad Social (Si aplica) | J128: ¿Validación de la Planilla del Pago de Seguridad Social? (Si aplica)
C129: 46062 | F129: PIEDAD ROCIO ALTAMAR GARCIA | G129: DICIEMBRE
A130: ¿El contrato tiene Personal de trabajo? | E130: SI | F130: NO | G130: ¿Cantidad del Personal de trabajo del Contrato? | J130: Observación: (Planilla)
A131: V. Observaciones:
C133: UNIDAD | D133: RP AFECTAR | F133: FACTURA | H133: VALOR
C134: 27-01-02-000 | D134: =I107 -> 2225 | F134: =G107 -> FEC8-704 | H134: =H107 -> 8.2769177e+08
C136: 27-01-03-000-27-01-01-300
C138: 27-01-04-000-27-01-01-400
C140: 27-01-05-000-27-01-01-500
C142: 27-01-09-000-27-01-01-900
C144: TOTAL A PAGAR | H144: =SUM(H134:I143) -> 8.2769177e+08
A146: F. SUSCRIPCIÓN DEL INFORME
A147: Supervisor | G147: Firma
A148: Nombre | B148: ALFREDO RAFAEL HADECHNI MUNIVE
A149: Cargo | B149: PROFESIONAL UNIVERSITARIO GRADO 11 AREA DE MANTENIMIENTO Y SOPORTE TECNOLOGICO
A151: Código: F-XXXX-XX Versión: XX Fecha de aprobación: dd/mm/aaaa Página 1 de

Sheet Hoja1
D1: DIRECCION EJECUTIVA DE ADMINISTRACION JUDICIAL
A3: INFORME DE SUPERVISION TÉCNICA, ADMINISTRATIVA, FINANCIERA, CONTABLE Y JURÍDICA
A4: =+'Ficha Avance'!$A$7:$L$7 -> A. INFORMACIÓN GENERAL
A5: Fecha de Presentación del informe | C5: Período del Informe y/ Entregable | F5: Contratista | I5: Pago Realizados No.
F6: Razón social | H6: NIT
A7: 45279
A8: Objeto contractual | H8: Nombres Supervisores
H9: Sup. Técnica
H10: Sup. AFJC
A12: CONTRATO / CONVENIO | C12: No. Interno | D12: No. SECOP o TEVC (Si aplica) | F12: Tipo | H12: Póliza No. | J12: Vigencia póliza:
A13: CONTRATO | H13: Aseguradora | J13: Fecha aprobación
A15: Fecha de suscripción | G15: Fecha de terminación (inicialmente pactada)
A16: Fecha de inicio | G16: Fecha final (incluídas prórrogas, si aplica)

Sheet Control de pagos
A1: MATRIZ DE CONTROL DE PAGOS
A2: Contrato N° | B2: No. Interno | C2: 082 de 2023 | E2: Modalidad de Selección | F2: =+'Ficha Avance'!D16 -> CONTRATACIÓN DIRECTA | I2: Objeto | J2: Prestar el servicio de mantenimiento integral para los equipos de rayos X marca Smith Detection y el arco detector de metales marca CEIA
B3: No. SECOP o TVEC | C3: CO1.PCCNTR.5293634 | E3: Proceso de selección | F3: =+'Ficha Avance'!D17 -> CD-045-2023
A5: Contratista | B5: Razón social | C5: =+'Ficha Avance'!D14 -> DETECTA CORP S.A. | E5: Dirección | F5: Avenida Calle 26 No 96J-66 Bogotá | I5: e-mail | J5: contabilidad@detectacorp.com
B6: NIT | C6: =+'Ficha Avance'!D15 -> 800090427 | E6: Teléfono | F6: (601) 2968900
A8: Supervisor(a) AFCJ | B8: =+'Ficha Avance'!B10:F10 -> RODRIGO JOSE ZABALETA BAÑOL | G8: Fecha de suscripción | I8: =+'Ficha Avance'!K10 -> 18 de agosto de 2023 | K8: Fecha terminación (inicialmente pactada) | M8: 45291
A9: Supervisión Técnica | B9: Unidad Responsable | D9: =+'Ficha Avance'!D11:F11 -> División de Mantenimiento y Mejoramiento | G9: Fecha de inicio | I9: =+'Ficha Avance'!K11 -> 31 de agosto de 2023 | K9: Terminación definitiva (incluídas prórrogas, si aplica) | M9: 45291
B10: Nombre supervisor(a) | D10: =+'Ficha Avance'!D12:F12 -> Néstor Andrés Sánchez Hernández
A12: Rubro | B12: C-2701-0800-36-0-2701048-021
A13: Valor inicial | B13: 60000000
A14: Valor adiciones | B14: 0 | C14: 0 | D14: 0 | E14: 0
A15: Valor total | B15: 60000000
A16: Forma de pago | B16: De acuerdo a lo pactado en el contrato.
A17: Fecha oportuna Liquidación
A19: UNIDAD | B19: 02 | C19: 03 | D19: 04 | E19: 05 | F19: 08 | G19: 09 | H19: TOTAL | I19: FACTURA | K19: FECHA RADICADO EN OLIMPIA IT | L19: FECHA APROBACIÓN SUPERVISOR (en olimpia IT) | M19: PERÍODO FACTURADO | N19: MEMORANDO PAGO | P19: OBLIGACIÓN | R19: ORDEN DE PAGO SIIF | S19: FECHA | T19: ORDEN DE PAGO SIIF UNIDAD 03 | U19: FECHA | V19: ORDEN DE PAGO SIIF UNIDAD 04 | W19: FECHA | X19: ORDEN DE PAGO SIIF UNIDAD 05 | Y19: FECHA
A20: CDP | I20: No. | J20: Fecha | N20: No. | O20: Fecha | P20: No. | Q20: Fecha
A21: RP VIGENCIA
A22: VALOR | B22: 12000000 | C22: 12000000 | D22: 12000000 | E22: 12000000 | G22: 12000000 | H22: =SUM(B22:G22) -> 60000000
A23: VALOR FACTURADO | B23: 513633 | C23: 800768 | D23: 800768 | E23: 800768 | G23: 800768 | H23: =SUM(B23:G23) -> 3716705
H24: =SUM(B24:F24) -> 0
H25: =SUM(B25:F25) -> 0
H26: =SUM(B26:F26) -> 0
H27: =SUM(B27:F27) -> 0
H28: =SUM(B28:F28) -> 0
H29: =SUM(B29:F29) -> 0
H30: =SUM(B30:F30) -> 0
H31: =SUM(B31:F31) -> 0
H32: =SUM(B32:F32) -> 0
H33: =SUM(B33:F33) -> 0
A34: CDP
A35: RP VIGENCIA
A36: VALOR | H36: =B36+C36+D36+E36 -> 0
A37: VALOR FACTURADO | H37: =SUM(B37:F37) -> 0
H38: =SUM(B38:F38) -> 0
H39: =SUM(B39:F39) -> 0
H40: =SUM(B40:F40) -> 0
H41: =SUM(B41:F41) -> 0
H42: =SUM(B42:F42) -> 0
H43: =SUM(B43:F43) -> 0
H44: =SUM(B44:F44) -> 0
H45: =SUM(B45:F45) -> 0
H46: =SUM(B46:F46) -> 0
H47: =SUM(B47:F47) -> 0
A48: SALDO | B48: =+B22-SUM(B23:B26) -> 11486367 | C48: =+C22-SUM(C23:C33) -> 11199232 | D48: =+D22-SUM(D23:D33) -> 11199232 | E48: =+E22-SUM(E23:E33) -> 11199232 | F48: =+F22-SUM(F23:F33) -> 0 | H48: =H22-H23 -> 56283295
A49: FACTURADO - PAGADO | B49: =SUM(B23:B26) -> 513633 | C49: =SUM(C23:C33) -> 800768 | D49: =SUM(D23:D33) -> 800768 | E49: =SUM(E23:E33) -> 800768 | F49: =SUM(F23:F33) -> 0 | H49: =H23 -> 3716705
A50: EJECUCION FISICA | B50: 0.0619

Sheet Datos
A1: TIPO DE MODIFICACIÓN | B1: FECHA | C1: RANGO MAX Y MIN | D1: Fórmula conteo tiempo (quitando datos en ceros) | E1: MODALIDAD DE SELECCIÓN | G1: UNIDADES EJECUTORAS | I1: AMPAROS
A2: PRÓRROGA | B2: 01/01/2000 | C2: 0 | D2: .=SI(SIFECHA(fecha inicial,fecha final,"y")=0,"", SIFECHA(fecha inicial,fecha final,"y") & " años ") & SI(SIFECHA(fecha inicial,fecha final,"ym")=0,"",SIFECHA(fecha inicial,fecha final,"ym") & " meses ") & SI(SIFECHA(fecha inicial,fecha final,"md")=0,"",SIFECHA(fecha inicial,fecha final,"md") & " días") | E2: LICITACIÓN PÚBLICA | G2: 27-01-02-000 | I2: Cumplimiento
A3: ADICIÓN | B3: 31/12/2050 | C3: 1 | E3: SELECCIÓN ABREVIADA MENOR CUANTÍA | G3: 27-01-03-000 | I3: Responsabilidad Civil Extracontractual
A4: OTROSÍ | E4: SELECCIÓN ABREVIADA SUBASTA INVERSA | G4: 27-01-04-000 | I4: Buen manejo y correcta inversión del anticipo
A5: SUSPENSIÓN | E5: SELECCIÓN ABREVIADA AMP | G5: 27-01-05-000 | I5: Pago anticipado
A6: REINICIO | E6: MÍNIMA CUANTÍA | G6: 27-01-08-000 | I6: Pago de salarios, prestaciones sociales legales e indemnizaciones laborales.
A7: REDUCCIÓN | E7: GRANDES SUPERFICIES TVEC | G7: 27-01-09-000 | I7: Estabilidad y calidad de la obra
A8: CAMBIO DE SUPERVISIÓN | E8: CONTRATACIÓN DIRECTA | G8: 27-01-02-032 | I8: Calidad del servicio
A9: Condicionante | E9: CONCURSO DE MÉRITOS | G9: 27-01-01-200 | I9: Calidad de los bienes
A10: =+'Inf. Supervisión AFCJ'!D23 -> 0 | G10: 27-01-01-300
G11: 27-01-01-400
G12: 27-01-01-500
A13: CONTRATO | G13: 27-01-01-800
A14: CONVENIO | G14: 27-01-01-900
G17: PRÓRROGA
G18: ADICIÓN
G19: OTROSÍ
G20: SUSPENSIÓN
G21: REINICIO
G22: REDUCCIÓN
G23: CAMBIO DE SUPERVISIÓN
